 Dungeon Crawl Stone Soup version 0.26.1-10-gdfb7c7de75 (webtiles) character file.

Game seed: 992898046731453540

165 Thatpatchoflichen the Grave Robber (level 5, -2/39 HPs)
             Began as a Human Necromancer on Apr 2, 2021.
             Slain by an orc
             ... wielding a +2 falchion of flaming
              (3 damage)
             ... on level 4 of the Dungeon.
             The game lasted 00:12:50 (4617 turns).

Thatpatchoflichen the Grave Robber (HuNe)           Turns: 4617, Time: 00:12:51

Health: -2/39      AC:  4    Str:  8    XL:     5   Next: 74%
Magic:  0/9        EV: 17    Int: 16    God:
Gold:   246        SH:  0    Dex: 14    Spells: 8/10 levels left

rFire    . . .     SeeInvis .   l - -2 spear (curse)
rCold    . . .     Faith    .   (no shield)
rNeg     . . .     Spirit   .   a - +0 robe
rPois    .         Reflect  .   m - +0 helmet
rElec    .         Harm     .   (no cloak)
rCorr    +         Rampage  .   r - +0 pair of gloves
Will     .....                  (no boots)
Stlth    ++........             (no amulet)
HPRegen  0.13/turn              k - ring of resist corrosion
MPRegen  0.11/turn              n - +4 ring of evasion

@: no status effects
A: no striking features
a: no special abilities


You were on level 4 of the Dungeon.
You visited 1 branch of the dungeon, and saw 5 of its levels.

You collected 246 gold pieces.

Inventory:

Hand Weapons
 d - a +0 dagger
 j - a +3 short sword of freezing
 l - a cursed -2 spear (weapon)
Armour
 a - a +0 robe (worn)
 i - a +0 plate armour
 m - a +0 helmet (worn)
 r - a +0 pair of gloves (worn)
Jewellery
 k - a ring of resist corrosion (left hand)
 n - a +4 ring of evasion (right hand)
 x - an uncursed amulet of faith {unknown}
Scrolls
 g - a scroll of enchant weapon
 h - a scroll of teleportation
 o - a scroll of remove curse {unknown}
 q - a scroll of amnesia {unknown}
 s - 3 scrolls of magic mapping
 u - a scroll of fog {unknown}
 v - 2 scrolls of blinking {unknown}
 y - a scroll of identify {unknown}
 z - a scroll of immolation {unknown}
 A - a scroll of enchant armour {unknown}
Potions
 b - 2 potions of flight {unknown}
 c - 2 potions of degeneration {unknown}
 e - 2 potions of curing {unknown}
 f - 3 potions of heal wounds {unknown}
 p - a potion of invisibility {unknown}
 t - 2 potions of haste {unknown}
 w - a potion of cancellation {unknown}


   Skills:
 + Level 2.6 Fighting
 - Level 3.0 Dodging
 - Level 2.5 Stealth
 + Level 3.2 Spellcasting
 - Level 4.2 Necromancy


You had 8 spell levels left.
You knew the following spells:

 Your Spells              Type           Power        Failure   Level
a - Pain                  Necr           64%          3%          1
b - Animate Skeleton      Necr           32%          3%          1

Your spell library contained the following spells:

 Spells                   Type           Power        Failure   Level
 Vampiric Draining        Necr           8%           10%         3
 Animate Dead             Necr           8%           32%         4
 Agony                    Necr           16%          65%         5


Dungeon Overview and Level Annotations

Branches:
Dungeon (5/15)
 Temple: D:4-7

Altars:
Gozag


Message History

The orc burns you.
* * * LOW HITPOINT WARNING * * *
You barely miss the orc. The orc misses you.
You barely miss the orc.
The orc hits you with a +2 falchion of flaming.
* * * LOW HITPOINT WARNING * * *
The orc burns you.
* * * LOW HITPOINT WARNING * * *
The orc closely misses you.
Aiming: Pain (safe; 3% risk of failure)
Press: ? - help, Q - select action, (/) - cycle Shift-Dir - straight line, f - orc
Aim: an orc, wielding a +2 falchion of flaming (chance to affect: 87%)
The orc writhes in agony.
You don't have enough magic to cast that spell.
You hit the orc but do no damage.
The orc is heavily wounded.
The orc hits you with a +2 falchion of flaming!
* * * LOW HITPOINT WARNING * * *
The orc burns you.
You die...

.# ########## #.. ..... #
#.##.#.###. ###
...##.###.#........ #..
......)(.oo@.#.# ...
.....####.#....# #.# ...
#......# #.# #.# .
###...## # .. #.# #..[#
#.##.##..
#...######.......#
#................#
.#######....#...........#
#..................#.#..#


You could see 2 orcs.

Vanquished Creatures
  A hound (D:4)
  An orc wizard (D:4)
  A hound skeleton (D:4)
  3 adders
  An ooze (D:4)
  A worm (D:2)
  A dart slug (D:1)
  2 leopard geckos
  3 orcs
  2 ball pythons (D:3)
  6 bats
  5 giant cockroaches
  3 goblins
  6 hobgoblins
  A quokka (D:3)
  2 frilled lizards (D:1)
  9 kobolds
  7 rats
55 creatures vanquished.

Notes
Turn   | Place    | Note
-------+----------+-------------------------------------------
     0 | D:1      | Thatpatchoflichen the Human Necromancer began the quest for
                  | the Orb.
     0 | D:1      | Reached XP level 1. HP: 13/13 MP: 3/3
   271 | D:2      | Reached XP level 2. HP: 15/19 MP: 0/5
  1338 | D:2      | Reached XP level 3. HP: 21/25 MP: 2/6
  1725 | D:2      | Reached skill level 1 in Fighting
  2357 | D:2      | Reached XP level 4. HP: 25/32 MP: 3/7
  2783 | D:2      | Learned a level 1 spell: Animate Skeleton
  4306 | D:4      | Reached XP level 5. HP: 28/38 MP: 2/9
  4434 | D:4      | Found an opulent altar of Gozag.
  4488 | D:5      | Entered Level 5 of the Dungeon
  4617 | D:4      | HP: 1/39 [orc/+2 falchion of flaming (8)]
  4617 | D:4      | Slain by an orc

Illustrated notes

Levels and vault maps discovered:
D:1:      minmay_arrival_jagged, layout_loops_corners
D:2:      layout_rooms, minivault_24, nrook_mini_vaults
D:3:      layout_loops_ring
D:4:      layout_loops_cross, kennysheep_mini_moat, grunt_ministairs_1
D:5:      layout_rooms, dk_xom_monty_hall

Skill      XL: |  1  2  3  4 |
---------------+-------------+-----
Fighting       | 1 2 |  2.6
Dodging        | 3 |  3.0
Spellcasting   | 3 |  3.2
Stealth        | |  2.5
Necromancy     | |  4.2

Action                   |  1- 3 |  4- 6 || total
-------------------------+-------+-------++-------
Melee: Dagger            |    19 |     2 ||    21
       Spear             |       |   107 ||   107
       Short sword       |       |     6 ||     6
 Cast: Pain              |    61 |    56 ||   117
  Use: Scroll            |       |     4 ||     4
 Stab: Sleeping          |       |     3 ||     3
Armor: Robe              |     2 |    22 ||    24
Dodge: Dodged            |    32 |   120 ||   152
